 Dungeon Crawl Stone Soup version 0.31-a0-426-g3a05650e59 (webtiles) character file.

Game seed: 11009138270005875620

4493 floatRand the Martial Artist (level 10, -14/71 HPs)
             Began as a Black Draconian Shapeshifter on July 30, 2023.
             Was a Priest of Wu Jian.
             Demolished by a death yak (20 damage)
             ... on level 8 of the Dungeon.
             The game lasted 00:07:12 (7031 turns).

floatRand the Martial Artist (DrSh)                 Turns: 7031, Time: 00:07:12

Health: -14/71     AC:  7    Str: 17    XL:     10   Next: 16%
Magic:  10/10      EV: 12    Int:  8    God:    Wu Jian [***...]
Gold:   393        SH:  0    Dex: 17    Spells: 9/9 levels left

rFire   + .          .
                       - Unarmed
rCold   . . .        (no shield)
rNeg    . . .        (body armour unavailable)
rPois   +            (helmet currently unavailable)
rElec   +            (cloak currently unavailable)
rCorr   .            (gloves currently unavailable)
SInv    .            (boots currently unavailable)
Will    .....        (no amulet)
Stlth   ++           k - ring of poison resistance
HPRegen 0.31/turn    v - ring of protection from fire
MPRegen 0.12/turn

%: no passive effects
@: brilliant, short of breath, beast-form, studying Shapeshifting
A: beast (slay +6), breathe lightning, AC +7, unfitting armour, electricity
resistance, cold-blooded
a: Breathe Lightning, Begin Untransformation, Renounce Religion, Wall Jump,
Serpent's Lash


You were on level 8 of the Dungeon.
You worshipped Wu Jian.
Wu Jian was most pleased with you.
You were a hulking beast.
You visited 2 branches of the dungeon, and saw 9 of its levels.

You collected 393 gold pieces.

Inventory:

Armour
 p - a +0 pair of boots
Jewellery
 k - a ring of poison resistance (left hand)
 v - a ring of protection from fire (right hand)
 x - a ring of wizardry
Talismans
 b - a beast talisman (active)
Wands
 m - a wand of acid (5)
 r - a wand of charming (10)
 s - a wand of flame (21)
Scrolls
 a - 3 scrolls of enchant weapon {unknown}
 d - a scroll of summoning {unknown}
 e - 2 scrolls of fog {unknown}
 f - 7 scrolls of identify
 h - a scroll of noise {unknown}
 i - 3 scrolls of teleportation {unknown}
 j - 3 scrolls of blinking {unknown}
 l - a scroll of enchant armour {unknown}
 n - a scroll of poison {unknown}
 o - a scroll of revelation {unknown}
 q - a scroll of vulnerability {unknown}
 t - a scroll of torment {unknown}
 w - a scroll of fear {unknown}
Potions
 c - 3 potions of curing
 g - 3 potions of cancellation
 z - 2 potions of haste {unknown}


   Skills:
 - Level 1.1 Fighting
 - Level 1.7 Dodging
 * Level 12.4 Unarmed Combat
 + Level 8.8 Shapeshifting


You had 9 spell levels left.
You didn't know any spells.
Your spell library was empty.

Dungeon Overview and Level Annotations

Branches:
Dungeon (8/15)             Temple (1/1) D:4            Lair (0/5) D:8

Altars:
Ashenzari
Cheibriados
Elyvilon
Fedhas
Gozag
Kikubaaqudgha
Nemelex Xobeh
Okawaru
Qazlal
Ru
Sif Muna
Trog
Uskayaw
Vehumet
Wu Jian
Xom
Yredelemnul
Zin
The Shining One

Shops:
D:7 *   D:8 *

Annotations:
D:2 1 runed translucent door, Crazy Yiuf


Innate Abilities, Weirdness & Mutations

You are a hulking beast.
Your limbs bulge with bestial killing power. (Slay +6)
You can breathe wild blasts of lightning.
Your glossy black scales are hard. (AC +7)
You cannot fit into any form of body armour.
You are resistant to electric shocks. (rElec)
You are cold-blooded and may be slowed by cold attacks.


Message History

The death yak bellows!
You hear a bellow!
A death yak comes into view.
The death yak moves out of view.
You hear a bellow! 3 death yaks come into view.
Found a glowing helmet.
Found a staircase to the Lair.
The death yak bellows! x4
Activating: Breathe Lightning (3% risk of failure)
Press: ? - help, Dir - look around, f - activate You breathe a wild blast of lightning!
The orb of electricity explodes!
The orb of electricity engulfs the death yak!!
The death yak is heavily wounded.
The orb of electricity engulfs you! You resist.
The orb of electricity engulfs the death yak!!
The death yak is moderately wounded.
The orb of electricity explodes!
The bolt of lightning misses you.
You hear a bellow!
You hear two shouts!
Unknown command.
Unknown command.
Unknown command.
Unknown command.
Unknown command.
The death yak attacks as you move away! The death yak gores you!
There is an open door here.
The death yak attacks as you move away!
The death yak gores you but does no damage.
You punch the death yak!
The death yak is severely wounded.
The death yak gores you!!
* * * LOW HITPOINT WARNING * * *
Okay, then.
As you read the scroll labelled JUCIFEYMMU, it crumbles to dust.
It is a scroll of identify.
g - 3 potions of cancellation The death yak gores you but does no damage.
Okay, then.
It was a potion of brilliance.
You feel clever all of a sudden. The death yak gores you!!
You die...

#.~~......#...........#
#
#.~..........######....#
# #............# #....#
# #####'##.....# .....#
# #.######## .....## #
#.# ######.....# #.#
#....# #.######....#
#.....hYY...+
############....#...
........YYY.......#
....#.#.#########.# # #
#.. # .Y.. ....[.
...Y.Y.. ..........


You could see 2 death yaks.

Vanquished Creatures
  A death yak (D:8)
  Grinder (D:4)
  A wyvern (D:8)
  A steam dragon (D:6)
  An acid dragon (D:6)
  Duvessa (D:5)
  2 orc warriors (D:6)
  2 black bears
  2 sky beasts
  8 ogres
  3 centaurs
  A kobold brigand (D:7)
  3 bullfrogs
  A gnoll sergeant (D:7)
  2 scorpions (D:4)
  A wight (D:6)
  Dowan (D:5)
  5 killer bees (D:8)
  2 howler monkeys
  5 hounds
  4 orc priests
  2 jellies
  2 iguanas
  A sleepcap (D:6)
  Terence (D:2)
  Natasha (thrice) (D:2)
  7 orc wizards
  3 gnolls
  9 adders
  3 white imps
  2 worms
  5 dart slugs
  25 orcs
  6 ball pythons
  8 bats
  9 endoplasms
  4 giant cockroaches
  9 goblins
  11 hobgoblins
  8 jackals
  13 kobolds
  2 quokkas
  A frilled lizard (D:1)
  3 rats
185 creatures vanquished.

Notes
Turn   | Place    | Note
-------+----------+-------------------------------------------
     0 | D:1      | floatRand the Draconian Shapeshifter began the quest for
                  | the Orb.
     0 | D:1      | Reached XP level 1. HP: 16/16 MP: 1/1
   110 | D:1      | Reached XP level 2. HP: 23/23 MP: 2/2
   485 | D:2      | Reached skill level 4 in Unarmed Combat
   485 | D:2      | Reached XP level 3. HP: 28/28 MP: 3/3
   818 | D:2      | Noticed Natasha
   826 | D:2      | Killed Natasha
   827 | D:2      | Reached XP level 4. HP: 21/35 MP: 4/4
   876 | D:2      | Noticed Natasha
   891 | D:2      | Found a faded altar of an unknown god.
   899 | D:2      | Noticed Terence
   912 | D:2      | Killed Terence
   923 | D:2      | Killed Natasha
   924 | D:2      | Reached skill level 5 in Unarmed Combat
   924 | D:2      | Reached XP level 5. HP: 40/40 MP: 5/5
  1037 | D:2      | Found a runed translucent door.
  1038 | D:2      | Noticed Crazy Yiuf
  1253 | D:2      | Noticed Natasha
  1259 | D:2      | Killed Natasha
  1634 | D:3      | You fall into a shaft and drop 3 floors!
  1639 | D:6      | Noticed an ogre
  1652 | D:6      | Killed an ogre
  1653 | D:6      | Reached XP level 6. HP: 33/47 MP: 6/6
  1686 | D:6      | Reached skill level 6 in Unarmed Combat
  1727 | D:5      | Entered Level 5 of the Dungeon
  1893 | D:4      | Found a staircase to the Ecumenical Temple.
  1904 | Temple   | Entered the Ecumenical Temple
  1919 | Temple   | Became a worshipper of the Wu Jian Council
  2121 | D:4      | Your scales start taking on a glossy black colour.
  2121 | D:4      | Reached XP level 7. HP: 52/52 MP: 7/7
  2121 | D:4      | Gained mutation: You are resistant to electric shocks.
                  | (rElec) [Black Draconian growth]
  2125 | D:4      | Noticed Grinder
  2138 | D:4      | Killed Grinder
  2139 | D:4      | Reached skill level 7 in Unarmed Combat
  2139 | D:4      | Reached skill level 5 in Shapeshifting
  2385 | D:4      | Reached skill level 8 in Unarmed Combat
  2393 | D:4      | You fall into a shaft and drop 1 floor!
  2613 | D:5      | Noticed Duvessa
  2613 | D:5      | Noticed Dowan
  2623 | D:5      | Killed Duvessa
  2624 | D:5      | Reached XP level 8. HP: 42/59 MP: 8/8
  2624 | D:5      | Killed Dowan
  2793 | D:5      | Reached * piety under Wu Jian
  3970 | D:5      | Reached skill level 9 in Unarmed Combat
  4404 | D:6      | Reached ** piety under Wu Jian
  4708 | D:6      | Reached skill level 10 in Unarmed Combat
  4719 | D:6      | Reached XP level 9. HP: 41/64 MP: 9/9
  4847 | D:6      | Found a bloodstained altar of Trog.
  5729 | D:7      | Reached skill level 11 in Unarmed Combat
  6297 | D:7      | Found Ekylyf's Elemental Accessories.
  6393 | D:7      | Found a glowing golden altar of the Shining One.
  6396 | D:7      | Found a basalt altar of Yredelemnul.
  6399 | D:7      | Found a snail-covered altar of Cheibriados.
  6400 | D:7      | Found a radiant altar of Vehumet.
  6401 | D:7      | Found a sparkling altar of Nemelex Xobeh.
  6724 | D:8      | Found Aqepimos's Changing Room.
  6744 | D:8      | Reached *** piety under Wu Jian
  6747 | D:8      | Reached skill level 12 in Unarmed Combat
  6874 | D:8      | Reached XP level 10. HP: 54/71 MP: 10/10
  7001 | D:8      | Noticed a death yak
  7015 | D:8      | Killed a death yak
  7017 | D:8      | Noticed a death yak
  7017 | D:8      | Noticed a death yak
  7018 | D:8      | Found a staircase to the Lair.
  7018 | D:8      | Noticed a death yak
  7018 | D:8      | Noticed a death yak
  7018 | D:8      | Noticed a death yak
  7031 | D:8      | Demolished by a death yak

Illustrated notes

Levels and vault maps discovered:
D:1:      sevenhm_arrival_forest_fort_large_2, layout_basic
D:2:      layout_loops_ring, hellmonk_ecumenical_altar_pennies_from_heaven,
          kennysheep_generic_room_10, uniq_terence, uniq_natasha,
          uniq_crazy_yiuf_cottage
D:3:      layout_loops_ring, serial_park_tiny_pond, st_stairs_4,
          dreamdust_princess_corridor, chequers_jeans, chequers_decorated_corner
D:4:      layout_basic, minmay_temple_entry_mini_moons, uniq_grinder
D:5:      dreamdust_elfheim, layout_gridville
D:6:      layout_basic, lemuel_doored_altar, minmay_manual_mess
D:7:      layout_rooms, grunt_temple_overflow_open, nicolae_elemental_shop
D:8:      layout_basic, dpeg_lair_monsters, enter_bailey_4,
          grunt_decor_mini_mirrors, nicolae_transmutations_shop,
          grunt_decor_fettered
Temple:   nicolae_temple_bog_church

Skill      XL: |  1  2  3  4  5  6  7  8  9 |
---------------+----------------------------+-----
Unarmed Combat | 4 5 6 8 10 12 | 12.4
Shapeshifting  | 4 5 6 8 |  8.8
Fighting       | |  1.1
Dodging        | |  1.7

Action                     |  1- 3 |  4- 6 |  7- 9 | 10-12 || total
---------------------------+-------+-------+-------+-------++-------
  Melee: Unarmed           |    98 |   108 |   283 |    10 ||   499
         Tailslap          |    11 |     9 |    44 |       ||    64
         Punch             |     2 |     4 |    12 |     2 ||    20
Ability: Lunge             |       |     1 |    16 |     1 ||    18
         Breathe Lightning |       |       |    10 |     1 ||    11
         Whirlwind         |       |       |     8 |       ||     8
    Use: Potion            |       |     2 |       |     1 ||     3
         Scroll            |       |       |       |     1 ||     1
   Stab: Sleeping          |     1 |       |     1 |       ||     2
         Distracted        |       |       |     1 |       ||     1
 Armour: Skin              |    23 |    39 |    72 |     3 ||   137
  Dodge: Dodged            |    51 |    47 |   144 |     5 ||   247

Table legend: (Time is in decaauts)
 A = Elapsed time spent in this place.
 B = Non-inter-level travel time spent in this place.
 C = Inter-level travel time spent in this place.
 D = Time resting spent in this place.
 E = Time spent auto-exploring this place.
 F = Levels seen in this place.
 G = Mean time per level.
                   A        B        C        D        E       F      G
               +--------+--------+--------+--------+--------+-----+--------+
         Total |   6970 |   6623 |    347 |   1008 |   4130 |   9 |  774.4 |
       Dungeon |   6941 |   6594 |    347 |   1008 |   4130 |   8 |  867.6 |
        Temple |     28 |     28 |      0 |      0 |      0 |   1 |   28.0 |
               +--------+--------+--------+--------+--------+-----+--------+

Top non-repeatable levels by time:
     D:6: 1715 daAuts
     D:5: 1176 daAuts
     D:2: 1077 daAuts
     D:4: 868 daAuts
     D:7: 688 daAuts
     D:3: 661 daAuts
     D:1: 453 daAuts
     D:8: 299 daAuts
  Temple: 28 daAuts
